 Dungeon Crawl Stone Soup version 0.31.0-32-g396128a36d (webtiles) character file.

Game seed: 12604984762609514545

3049 KittyFluff the Ruffian (level 9, -1/130 HPs)
             Began as a Troll Shapeshifter on Apr 7, 2024.
             Was a Follower of Trog.
             Slain by a troll (11 damage)
             ... on level 11 of the Dungeon.
             The game lasted 00:28:35 (6544 turns).

KittyFluff the Ruffian (Troll Shapeshifter)         Turns: 6544, Time: 00:28:37

Health: -1/130     AC:  4    Str: 34    XL:     9   Next: 57%
Magic:  8/8        EV: 11    Int:  6    God:    Trog [*.....]
Gold:   484        SH:  0    Dex:  9    Spells: 6/8 levels left

rFire   . .          .
                       - Unarmed
rCold   . . .        (no shield)
rNeg    . . .        a - +0 animal skin
rPois   .            (helmet currently unavailable)
rElec   .            (cloak currently unavailable)
rCorr   .            (gloves unavailable)
SInv    .            (boots unavailable)
Will    +....        H - amulet of the acrobat Stlth
                     f - +6 ring of strength
HPRegen 1.21/turn    j - ring of willpower
MPRegen 0.11/turn

%: acrobat
@: berserking, beast-form, very quick
A: beast (slay +3), large, unfitting armour, claws 3, regeneration 1, shaggy fur
1, tough skin 1
a: Begin Untransformation, Renounce Religion, Berserk


You were on level 11 of the Dungeon.
You worshipped Trog.
Trog was aware of your devotion.
You were a hulking beast.
You visited 2 branches of the dungeon, and saw 11 of its levels.

You collected 484 gold pieces.

Inventory:

Hand Weapons
 e - a +0 whip of flaming
 l - a +1 short sword of freezing
 p - a +0 sling
 t - a +0 mace
 E - a +0 morningstar
 G - a +0 flail
 M - a +0 quarterstaff
 O - a +0 trident
 Q - a +0 orcbow
 S - a +2 whip of venom
Missiles
 m - 52 stones (quivered)
 n - 7 atropa-tipped darts
 u - 2 throwing nets
 A - 8 poisoned darts
 F - a boomerang
Armour
 a - a +0 animal skin (worn)
Jewellery
 f - a +6 ring of strength (left claw)
 i - an amulet of faith
 j - a ring of willpower (right claw)
 k - a ring of protection from fire
 H - an amulet of the acrobat (around neck)
Talismans
 c - a beast talisman
 d - a flux talisman
 s - a serpent talisman
Wands
 h - a wand of roots (12)
 J - a wand of charming (11)
 K - a wand of flame (23)
Scrolls
 g - a scroll of fog {unknown}
 o - a scroll of enchant weapon {unknown}
 v - a scroll of revelation {unknown}
 x - a scroll of fear {unknown}
 y - a scroll of poison {unknown}
 z - a scroll of noise {unknown}
 B - a scroll of enchant armour {unknown}
 C - a scroll of blinking {unknown}
 D - a scroll of brand weapon {unknown}
 L - 3 scrolls of teleportation {unknown}
 R - 2 scrolls of vulnerability {unknown}
Potions
 b - 3 potions of lignification
 q - 3 potions of curing
 r - 2 potions of resistance
 w - a potion of haste {unknown}
 I - a potion of heal wounds {unknown}
 N - a potion of attraction {unknown}
 P - a potion of magic {unknown}
 T - a potion of might {unknown}


   Skills:
 + Level 4.9 Fighting
 + Level 5.2 Throwing
 + Level 5.2 Dodging
 + Level 6.7 Unarmed Combat
 + Level 6.2 Shapeshifting


You had 6 spell levels left.
You knew the following spells:

 Your Spells              Type           Power      Damage    Failure   Level
a - Blink                 Tloc           0%         N/A       58%         2

Your spell library contained the following spells:

 Spells                   Type           Power      Damage    Failure   Level
 Freeze                   Ice            0%         1d3       45%         1
 Kiss of Death            Conj/Necr      0%         2d5       45%         1
 Magic Dart               Conj           0%         1d3       45%         1
 Call Imp                 Summ           0%         N/A       58%         2
 Confusing Touch          Hex            0%         N/A       83%         3
 Frozen Ramparts          Ice            0%         1d1       83%         3
 Hailstorm                Conj/Ice       0%         3d5       83%         3
 Tukima's Dance           Hex            0%         N/A       83%         3
 Dispel Undead            Necr           0%         3d6       99%         4
 Passage of Golubria      Tloc           0%         N/A       99%         4
 Yara's Violent Unravell  Hex/Alch       0%         3d3       100%        5


Dungeon Overview and Level Annotations

Branches:
Dungeon (11/15)            Temple (1/1) D:6
   Lair: D:8-11         Orc: D:9-12

Altars:
Ashenzari
Cheibriados
Dithmenos
Elyvilon
Fedhas
Gozag
Hepliaklqana
Kikubaaqudgha
Makhleb
Nemelex Xobeh
Okawaru
Qazlal
Ru
Sif Muna
Trog
Vehumet
Wu Jian
Xom
Yredelemnul
Zin


Innate Abilities, Weirdness & Mutations

You are a hulking beast.
Your limbs bulge with bestial killing power. (Slay +3)
You are too large for most types of armour.
You have claws for hands.
Your natural rate of healing is unusually fast.
You are covered in fur. (AC +1)
You have tough skin. (AC +1)


Message History

With a horrendous wail, an alarm goes off!
A sentinel's mark forms upon you.
You hear a shout! x2; You hear a roar!
You hear a shout! x2
You hear an angry hiss.
You hear a roar! x2; You hear two shouts!
You hear a shout! x2; You hear an angry hiss.
Found a pink potion and 10 gold pieces.
There is a stone staircase leading down here.
You start waiting.
A troll comes into view.
You climb downwards.
There is a stone staircase leading up here.
You start waiting.
The sentinel's mark upon you fades away.
You open the door.
There is an open door here.
There is an open door here.
There is a stone staircase leading up here.
You climb upwards.
The wyvern bites you. The wyvern closely misses you.
The troll completely misses you. The troll claws you. The troll claws you!
There is a stone staircase leading down, spattered with blood here.
The wyvern bites you! The troll closely misses you. The troll claws you.
The troll claws you! The wyvern barely misses you.
You climb downwards.
There is a stone staircase leading up here.
You claw the troll!
The troll is heavily wounded.
The wyvern closely misses you. The troll bites you!
The troll claws you but does no damage. x2
You scratch the troll.
The troll is heavily wounded.
The wyvern bites you! The troll closely misses you. The troll claws you!
* * * LOW HITPOINT WARNING * * *
The troll misses you.
A red film seems to cover your vision as you go berserk!
You feel yourself moving faster!
You feel mighty! The wyvern bites you!
* * * LOW HITPOINT WARNING * * *
The wyvern bites you!
* * * LOW HITPOINT WARNING * * *
The troll closely misses you. The troll claws you!
You die...

###########
#.........#
#........T####
+.......kh#..+
#.........#.##
#.....>...#.#
#.........'.#
#.........###
#.........#
###+#######


You could see a troll and a wyvern.

Vanquished Creatures
  Pikel (D:8)
  Grinder (D:3)
  Sigmund (D:3)
  A fire bat (D:7)
  2 orc warriors
  A hornet zombie (D:7)
  2 ice beasts
  An ogre (D:4)
  A centaur (D:8)
  3 lemures (D:8)
  5 scorpions
  3 wights (D:6)
  A bombardier beetle (D:5)
  4 jellies
  2 bullfrog zombies (D:7)
  3 centaur zombies (D:7)
  4 orc priests
  4 hounds
  5 iguanas
  Natasha (twice) (D:2)
  An orc wizard (D:4)
  2 howler monkey zombies (D:7)
  4 adders
  4 gnolls (D:2)
  2 white imps
  An ufetubus (D:5)
  A dart slug (D:1)
  6 ribbon worms
  22 orcs
  5 ball pythons
  14 endoplasms
  7 giant cockroaches
  7 goblins
  8 hobgoblins
  6 jackals
  A quokka (D:2)
  8 bats
  3 frilled lizards
  7 kobolds
  10 rats
166 creatures vanquished.

Notes
Turn   | Place    | Note
-------+----------+-------------------------------------------
     0 | D:1      | KittyFluff the Troll Shapeshifter began the quest for the
                  | Orb.
     0 | D:1      | Reached XP level 1. HP: 18/18 MP: 0/0
     1 | D:1      | Found a runed translucent door.
   249 | D:1      | Reached skill level 1 in Fighting
   332 | D:1      | Reached XP level 2. HP: 26/27 MP: 1/1
   801 | D:1      | Reached skill level 1 in Throwing
   801 | D:1      | Reached XP level 3. HP: 16/33 MP: 2/2
   817 | D:1      | Reached XP level 4. HP: 18/41 MP: 3/3
  1338 | D:2      | Found a faded altar of an unknown god.
  1692 | D:2      | Noticed Natasha
  1694 | D:2      | Killed Natasha
  1695 | D:2      | Reached XP level 5. HP: 43/49 MP: 4/4
  1936 | D:3      | Noticed Sigmund
  1980 | D:2      | Noticed Natasha
  1987 | D:2      | Killed Natasha
  2071 | D:3      | Noticed Grinder
  2088 | D:3      | Killed Grinder
  2089 | D:3      | Reached XP level 6. HP: 47/59 MP: 5/5
  2099 | D:3      | Learned a level 2 spell: Blink
  2375 | D:3      | Killed Sigmund
  2376 | D:3      | Reached XP level 7. HP: 50/66 MP: 6/6
  2495 | D:3      | Found an ornate altar of the Wu Jian Council.
  3539 | D:5      | Entered Level 5 of the Dungeon
  3633 | D:5      | Reached skill level 5 in Unarmed Combat
  3689 | D:5      | Found a glowing silver altar of Zin.
  3690 | D:5      | Found a snail-covered altar of Cheibriados.
  3838 | D:5      | Reached XP level 8. HP: 70/75 MP: 7/7
  4331 | D:6      | Reached skill level 5 in Shapeshifting
  4662 | D:6      | Found an iron altar of Okawaru.
  4726 | D:6      | Found a staircase to the Ecumenical Temple.
  5152 | Temple   | Entered the Ecumenical Temple
  5243 | Temple   | Became a worshipper of Trog the Wrathful
  5309 | D:7      | Found a sacrificial altar of Ru.
  5443 | D:7      | Found a basalt altar of Yredelemnul.
  5548 | D:7      | Found a shimmering altar of Xom.
  5556 | D:7      | Reached XP level 9. HP: 67/85 MP: 8/8
  6045 | D:7      | Reached * piety under Trog
  6130 | D:8      | Found a broken altar of Ashenzari.
  6264 | D:8      | Reached skill level 5 in Throwing
  6268 | D:8      | Noticed Pikel
  6294 | D:8      | Killed Pikel
  6295 | D:8      | Reached skill level 5 in Dodging
  6468 | D:8      | You fall into a shaft and drop 3 floors!
  6482 | D:10     | Entered Level 10 of the Dungeon
  6484 | D:10     | Noticed a troll
  6544 | D:11     | Slain by a troll

Illustrated notes

Levels and vault maps discovered:
D:1:      dpeg_arrival_caged_fury, layout_loops_corners
D:2:      layout_basic, shapermc_ecumenical_altar_ellora, uniq_natasha
D:3:      layout_basic, mainiacjoe_overflow_tiny_flanked, uniq_grinder,
          uniq_sigmund
D:4:      layout_basic, serial_bayou_lagoon_a, chequers_decorated_corner,
          minmay_quantized
D:5:      layout_loops_ring, nicolae_overflow_hidden_temple
D:6:      layout_basic, okawaru_metal_pillars_3, minmay_temple_entry_junction_2
D:7:      nicolae_cairo_tiling_large, layout_rooms,
          nicolae_yredelemnul_corpse_copse, kennysheep_mini_moat,
          regret_index_xom_of_box
D:8:      layout_rooms, overflow_temple_1_default, uniq_pikel
D:10:     layout_cross, minmay_hollow_rounded_squares
D:11:     layout_roguey, serial_shops, nicolae_book_shop_shelving
Temple:   nicolae_temple_slightly_damp_pantheon

Skill      XL: |  1  2  3  4  5  6  7  8  9 |
---------------+----------------------------+-----
Fighting       | 1 2 3 4 |  4.9
Throwing       | 1 2 3 4 5 |  5.2
Dodging        | 2 3 4 5 |  5.2
Unarmed Combat | 4 5 6 |  6.7
Shapeshifting  | 4 5 6 |  6.2

Action                     |  1- 3 |  4- 6 |  7- 9 || total
---------------------------+-------+-------+-------++-------
  Melee: Unarmed           |    68 |    89 |   286 ||   443
         Punch             |       |     3 |     5 ||     8
  Throw: Stone             |       |     9 |    11 ||    20
 Invoke: Berserk           |       |       |     1 ||     1
    Use: Scroll            |       |       |     3 ||     3
   Stab: Sleeping          |       |     1 |       ||     1
 Armour: Animal skin       |    29 |    37 |   187 ||   253
  Dodge: Dodged            |    30 |    34 |   136 ||   200
